 Dungeon Crawl Stone Soup version 0.24-a0-447-ge8da9206dc (webtiles) character file.

Game seed: 376137863774984308

11 theanonym the Vexing (level 2, -2/19 HPs)
             Began as a Mummy Enchanter on June 25, 2019.
             Killed from afar by a dart slug (3 damage)
             ... with a slug dart
             ... on level 1 of the Dungeon.
             The game lasted 00:00:27 (667 turns).

theanonym the Vexing (Mummy Enchanter)               Turns: 667, Time: 00:00:28

Health: -2/19      AC:  2    Str: 11    XL:     2   Next: 17%
Magic:  5/5        EV: 12    Int: 14    God:
Gold:   11         SH:  0    Dex: 12    Spells: 5/6 levels left

rFire    x . .     SeeInvis .   a - +1 dagger
rCold    + . .     Gourm    .   (no shield)
rNeg     + + +     Faith    .   b - +0 robe
rPois    ∞         Spirit   .   (no helmet)
rElec    .         Reflect  .   (no cloak)
rCorr    .         Harm     .   (no gloves)
MR       .....                  (no boots)
Stlth    ++........             (no amulet)
HPRegen  0.06/turn              (no ring)
MPRegen  0.09/turn              (no ring)

@: no status effects
A: no food or potions, fire vulnerability, cold resistance 1, negative energy
resistance 3, torment resistance, unbreathing
a: no special abilities


Innate Abilities, Weirdness & Mutations

You do not eat or drink.
Your flesh is vulnerable to fire.
You are immune to poison.
Your flesh is cold resistant. (rC+)
You are immune to negative energy. (rN+++)
You are immune to unholy pain and torment.
You can survive without breathing.


   Skills:
 + Level 1.8 Short Blades
 - Level 1.5 Dodging
 - Level 2.4 Stealth
 - Level 2.6 Spellcasting
 - Level 2.6 Hexes


You had 5 spell levels left.
You knew the following spells:

 Your Spells              Type           Power        Failure   Level  Hunger
a - Corona                Hex            #......      8%          1    N/A

Your spell library contained the following spells:

 Spells                   Type           Power        Failure   Level  Hunger
 Ensorcelled Hibernation  Hex/Ice        #.....       19%         2    N/A
 Confuse                  Hex            #.......     22%         3    N/A
 Tukima's Dance           Hex            #.......     22%         3    N/A
 Dazzling Spray           Conj/Hex       #.....       36%         3    N/A

Skill      XL: |  1 |
---------------+----+-----
Short Blades   | 1 |  1.8
Dodging        | |  1.5
Stealth        | |  2.4
Spellcasting   | |  2.6
Hexes          | |  2.6

Action                   || total
-------------------------++-------
Melee: Dagger            ||    43
 Stab: Sleeping          ||     3
Armor: Robe              ||    10
Dodge: Dodged            ||    23

Inventory:

Hand Weapons
 a - a +1 dagger (weapon)
Armour
 b - a +0 robe (worn)
Scrolls
 c - a scroll of blinking {unknown}
 d - a scroll of fear {unknown}
 e - a scroll of remove curse {unknown}
 f - a scroll of identify {unknown}


You were on level 1 of the Dungeon.
You were not hungry.

You visited 1 branch of the dungeon, and saw 1 of its levels.

You collected 11 gold pieces.

Dungeon Overview and Level Annotations

Branches:
Dungeon (1/15)

Altars:

.#.#.# .....#
######.#.#.#.
..#.......(.
#.#..##.###.
#.#.=...#
######....w..###
.).....w##....#.
#######@###.##.#
# #.###.##.#.#
#.##...#.#.#
#.#(.>.....#
#.#....#.####
.......##.†..#
####.#######.#
## #.# #.#


You could see a dart slug.

Notes
Turn   | Place    | Note
-------+----------+-------------------------------------------
     0 | D:1      | theanonym the Mummy Enchanter began the quest for the Orb.
     0 | D:1      | Reached XP level 1. HP: 13/13 MP: 4/4
    54 | D:1      | Reached skill level 1 in Short Blades
   105 | D:1      | HP: 4/13 [hobgoblin/+0 club (3)]
   434 | D:1      | Reached XP level 2. HP: 12/19 MP: 5/5
   437 | D:1      | HP: 9/19 [jackal (1)]
   660 | D:1      | HP: 9/19 [leopard gecko (2)]
   666 | D:1      | HP: 1/19 [dart slug/slug dart (5)]
   667 | D:1      | Killed from afar by a dart slug

Vanquished Creatures
  A leopard gecko (D:1)
  A giant cockroach (D:1)
  A goblin (D:1)
  A hobgoblin (D:1)
  2 jackals (D:1)
  A kobold (D:1)
  A bat (D:1)
  A rat (D:1)
9 creatures vanquished.

Table legend:
 A = Turns spent in this place as a percentage of turns spent in the entire game.
 B = Non-inter-level travel turns spent in this place as a percentage of non-inter-level travel turns spent in the entire game.
 C = Inter-level travel turns spent in this place as a percentage of turns spent in this place.
 D = Turns resting spent in this place as a percentage of non-inter-level travel turns spent in this place.
 E = Turns spent auto-exploring this place as a percentage of non-inter-level travel turns spent in this place.
 F = Non-inter-level travel turns spent in this place divided by the number of levels of this place that you've seen.
                   A       B       C       D       E      F
               +-------+-------+-------+-------+-------+----------------------
         Total | 100.0 | 100.0 |   0.0 |  60.1 |  26.5 | 667.0
       Dungeon | 100.0 | 100.0 |   0.0 |  60.1 |  26.5 | 667.0
               +-------+-------+-------+-------+-------+----------------------
